 Dungeon Sprint DCSS version 0.26-a0-690-gcb57259078 (webtiles) character file.

Game seed: 6401935696302904951

979 jfcaron the Spear-Bearer (level 8, -4/69 HPs)
             Began as a Merfolk Fighter on Oct 23, 2020.
             Was a Follower of Qazlal.
             Slain by a soul eater (20 damage)
             ... summoned by a kobold demonologist
             ... in the Dungeon (Sprint I: "Red Sonja").
             The game lasted 00:04:54 (947 turns).

jfcaron the Spear-Bearer (Merfolk Fighter)           Turns: 947, Time: 00:04:55

Health: -4/69      AC:  7    Str: 16    XL:     8   Next: 17%
Magic:  10/10      EV: 13    Int:  8    God:    Qazlal [*.....]
Gold:   416        SH: 12    Dex: 15    Spells: 7/7 levels left

rFire    . . .     SeeInvis .   a - +0 trident
rCold    . . .     Faith    .   c - +0 kite shield
rNeg     . . .     Spirit   .   e - +0 scale mail
rPois    .         Reflect  .   (no helmet)
rElec    .         Harm     .   (no cloak)
rCorr    .         Rampage  .   (no gloves)
MR       .....     NoTele   +   (no boots)
Stlth    +++.......             (no amulet)
HPRegen  0.21/turn              (no ring)
MPRegen  0.12/turn              (no ring)

@: no status effects
A: change form in water, swift swim, stealthy swim
a: Renounce Religion


You were in the Dungeon.
You worshipped Qazlal.
Qazlal was aware of your devotion.
You visited 1 branch You collected 416 gold pieces.

Inventory:

Hand Weapons
 a - a +0 trident (weapon)
Missiles
 b - 22 stones (quivered)
Armour
 c - a +0 kite shield (worn)
 e - a +0 scale mail (worn)
Scrolls
 j - a scroll of blinking
Potions
 d - a potion of might
 g - a potion of haste
 h - 2 potions of magic


   Skills:
 + Level 8.7 Fighting
 + Level 10.4 Polearms
 + Level 4.9 Armour
 + Level 9.3 Dodging
 + Level 8.5 Stealth
 + Level 7.7 Shields
 + Level 3.6 Invocations


You had 7 spell levels left.
You didn't know any spells.
Your spell library was empty.

Dungeon Overview and Level Annotations

Branches:
Dungeon (1/1)

Altars:
Cheibriados
Dithmenos
Elyvilon
Fedhas
Gozag
Hepliaklqana
Kikubaaqudgha
Makhleb
Nemelex Xobeh
Okawaru
Qazlal
Ru
Sif Muna
Trog
Uskayaw
Vehumet
Wu Jian
Xom
Yredelemnul
Zin
The Shining One
Jiyva
Lugonu

Shops:
D (

Annotations:
D exclusion: door


Message History

* * * LOW HITPOINT WARNING * * *
You block the ufetubus's attack. The ufetubus completely misses you.
You barely miss the kobold demonologist.
The kobold demonologist is almost dead.
The kobold demonologist casts a cantrip, but nothing happens.
The ufetubus misses you. You block the ufetubus's attack.
The crimson imp hits you but does no damage.
You hit the kobold demonologist but do no damage.
The kobold demonologist is almost dead.
The crimson imp disappears in a puff of smoke!
The kobold demonologist miscasts a cantrip.
Unknown command.
You barely miss the kobold demonologist.
The kobold demonologist is almost dead.
You block the kobold demonologist's attack.
You barely miss the kobold demonologist.
The kobold demonologist is almost dead.
The iron imp laughs crazily.
The soul eater hits you!!
You die...

#####################
.').#..'..#__#.§@35.#
.#).'..#..'..'§.#K5.#
###'#####'#__####...+
##..#...#.#### ####
_####..##.#
____##'#_.+
.∩...†..._#
..__##_.#'#
____###+#.#


You could see a soul eater (summoned), a kobold demonologist, an iron imp
(summoned) and an ufetubus (summoned).

Vanquished Creatures
  A kobold demonologist (D)
  A slime creature (D)
  Sigmund (D)
  A yak (D)
  A floating eye (D)
  An ogre (D)
  A jelly (D)
  Ijyb (D)
8 creatures vanquished.

Notes
Turn   | Place    | Note
-------+----------+-------------------------------------------
     0 | D        | jfcaron the Merfolk Fighter began the quest for the Orb.
     0 | D        | Reached XP level 1. HP: 18/18 MP: 1/1
     1 | D        | Noticed Ijyb
    20 | D        | Killed Ijyb
    20 | D        | Reached skill level 4 in Polearms
    20 | D        | Reached XP level 2. HP: 16/26 MP: 2/2
    20 | D        | Reached XP level 3. HP: 19/31 MP: 3/3
   135 | D        | Noticed an ogre
   143 | D        | Killed an ogre
   143 | D        | Reached skill level 5 in Fighting
   143 | D        | Reached skill level 6 in Polearms
   143 | D        | Reached skill level 5 in Dodging
   143 | D        | Reached skill level 5 in Shields
   143 | D        | Reached XP level 4. HP: 35/39 MP: 4/4
   180 | D        | Noticed Sigmund
   230 | D        | Killed Sigmund
   230 | D        | Reached skill level 8 in Polearms
   230 | D        | Reached XP level 5. HP: 43/47 MP: 5/5
   230 | D        | Reached XP level 6. HP: 49/53 MP: 6/6
   355 | D        | Found an ornate altar of the Wu Jian Council.
   355 | D        | Found a shimmering blue altar of Sif Muna.
   357 | D        | Found a radiant altar of Vehumet.
   447 | D        | Found Xaewipp's Weapon Emporium.
   447 | D        | Found an ancient bone altar of Kikubaaqudgha.
   447 | D        | Found a hazy altar of Hepliaklqana.
   447 | D        | Found a stormy altar of Qazlal.
   447 | D        | Found a hide-covered altar of Uskayaw.
   447 | D        | Found a blossoming altar of Fedhas.
   447 | D        | Found a bloodstained altar of Trog.
   447 | D        | Found an iron altar of Okawaru.
   447 | D        | Found a basalt altar of Yredelemnul.
   447 | D        | Found a glowing golden altar of the Shining One.
   447 | D        | Found a snail-covered altar of Cheibriados.
   447 | D        | Found a sacrificial altar of Ru.
   447 | D        | Found a glowing silver altar of Zin.
   447 | D        | Found a shadowy altar of Dithmenos.
   447 | D        | Found a white marble altar of Elyvilon.
   447 | D        | Noticed a yak
   465 | D        | Killed a yak
   465 | D        | Reached skill level 9 in Polearms
   465 | D        | Reached XP level 7. HP: 33/61 MP: 7/7
   466 | D        | Found an opulent altar of Gozag.
   467 | D        | Found a sparkling altar of Nemelex Xobeh.
   473 | D        | Became a worshipper of Qazlal Stormbringer
   619 | D        | Found a burning altar of Makhleb.
   619 | D        | Found a viscous altar of Jiyva.
   619 | D        | Found a shimmering altar of Xom.
   619 | D        | Found a corrupted altar of Lugonu.
   619 | D        | Noticed a slime creature
   642 | D        | Killed a slime creature
   894 | D        | Noticed a kobold demonologist
   895 | D        | Noticed a kobold demonologist
   898 | D        | Reached skill level 10 in Polearms
   899 | D        | Noticed an ice devil
   914 | D        | Noticed a chaos spawn
   920 | D        | Noticed a sixfirhy
   921 | D        | Noticed a sixfirhy
   929 | D        | Killed a kobold demonologist
   929 | D        | Reached * piety under Qazlal
   929 | D        | Reached XP level 8. HP: 46/69 MP: 10/10
   935 | D        | HP: 2/69 [sixfirhy[a kobold demonologist] (12)]
   937 | D        | Noticed a soul eater
   947 | D        | Slain by a soul eater

Illustrated notes

Levels and vault maps discovered:
D:        dungeon_sprint_1 [red_sonja_temple_1, red_sonja_temple_small_1]

Skill      XL: |  1  2  3  4  5  6  7 |
---------------+----------------------+-----
Fighting       | 4 5 6 7 8 |  8.7
Polearms       | 4 6 8 9 10 | 10.4
Dodging        | 3 5 7 8 9 |  9.3
Stealth        | 2 4 6 7 8 |  8.5
Shields        | 5 6 7 |  7.7
Armour         | 3 4 |  4.9
Invocations    | 3 |  3.6

Action                   |  1- 3 |  4- 6 |  7- 9 || total
-------------------------+-------+-------+-------++-------
Melee: Trident           |    27 |    34 |    73 ||   134
  Use: Potion            |       |     2 |     1 ||     3
 Stab: Sleeping          |       |     2 |     1 ||     3
Armor: Scale mail        |     4 |     2 |    37 ||    43
Dodge: Dodged            |     3 |     6 |    37 ||    46
Block: Kite shield       |    12 |     5 |    41 ||    58

Table legend: (Time is in decaauts)
 A = Elapsed time spent in this place.
 B = Non-inter-level travel time spent in this place.
 C = Inter-level travel time spent in this place.
 D = Time resting spent in this place.
 E = Time spent auto-exploring this place.
 F = Levels seen in this place.
 G = Mean time per level.
                   A        B        C        D        E       F      G
               +--------+--------+--------+--------+--------+-----+--------+
         Total |    951 |    951 |      0 |    676 |      0 |   1 |  951.0 |
       Dungeon |    951 |    951 |      0 |    676 |      0 |   1 |  951.0 |
               +--------+--------+--------+--------+--------+-----+--------+

Top non-repeatable levels by time:
       D: 951 daAuts
